 Dungeon Sprint DCSS version 0.29-a0-892-g2c4c91d9db (webtiles) character file.

Game seed: 6922910763416846017

2550 mhtbhm the Basher (level 9, -21/63 HPs)
             Began as a Gargoyle Fighter on July 23, 2022.
             Was a Priest of Okawaru.
             Killed from afar by a gargoyle (33 damage)
             ... with a stone arrow
             ... in the Dungeon (Sprint IX: "|||||||||||||||||||||||||||||").
             The game lasted 00:01:28 (629 turns).

mhtbhm the Basher (Gargoyle Fighter)                 Turns: 629, Time: 00:01:28

Health: -21/63     AC: 21    Str: 23    XL:     9   Next: 56%
Magic:  15/15      EV: 10    Int: 13    God:    Okawaru [***...]
Gold:   0          SH:  5    Dex:  9    Spells: 8/8 levels left

rFire   . . .      SeeInvis .   a - +2 morningstar (drain)
rCold   . . .      Faith    .   c - +0 buckler
rNeg    + . .      Spirit   .   b - +1 scale mail
rPois   ∞          Reflect  .   (no helmet)
rElec   +          Harm     .   (no cloak)
rCorr   .          Rampage  .   l - +0 pair of gloves
Will    .....      NoTele   +   m - +0 pair of boots
Stlth   +.........              (no amulet)
HPRegen 0.20/turn               n - +3 ring of intelligence
MPRegen 0.14/turn               o - +2 ring of protection

@: no status effects
A: sickness immunity, AC +6, negative energy resistance 1, electricity
resistance, torment resistance 1, petrification resistance
a: Renounce Religion, Heroism


You were in the Dungeon.
You worshipped Okawaru.
Okawaru was most pleased with you.
You visited 1 branch

Inventory:

Hand Weapons
 a - a +2 morningstar of draining (weapon)
Armour
 b - a +1 scale mail (worn)
 c - a +0 buckler (worn)
 l - a +0 pair of gloves (worn)
 m - a +0 pair of boots (worn)
Jewellery
 n - a +3 ring of intelligence (left hand)
 o - a +2 ring of protection (right hand)
Wands
 k - a wand of light (6)
Scrolls
 g - 2 scrolls of amnesia
 j - 2 scrolls of blinking
Potions
 d - a potion of invisibility
 e - a potion of heal wounds
 f - 4 potions of curing
 h - 4 potions of magic
 i - a potion of berserk rage


   Skills:
 + Level 10.7 Fighting
 + Level 11.5 Maces & Flails
 + Level 10.7 Armour
 + Level 3.7 Dodging
 + Level 4.8 Stealth
 + Level 8.8 Shields
 * Level 9.0 Invocations
 + Level 1.9 Evocations


You had 8 spell levels left.
You didn't know any spells.
Your spell library was empty.

Dungeon Overview and Level Annotations

Branches:
Dungeon (1/1)

Altars:
Cheibriados
Dithmenos
Elyvilon
Fedhas
Gozag
Hepliaklqana
Kikubaaqudgha
Makhleb
Nemelex Xobeh
Okawaru
Qazlal
Ru
Sif Muna
Trog
Uskayaw
Vehumet
Wu Jian
Xom
Yredelemnul
Zin
The Shining One
Jiyva
Lugonu


Innate Abilities, Weirdness & Mutations

You are immune to sickness and miasma.
Your stone body is resilient. (AC +6)
You are immune to poison.
You resist negative energy. (rN+)
You are resistant to electric shocks. (rElec)
You are resistant to unholy torment.
You are immune to petrification.


Message History

You puncture the troll!
The troll is moderately wounded.
The troll barely misses you. The troll claws you but does no damage.
The troll claws you.
You barely miss the troll.
The troll is moderately wounded.
The troll barely misses you. You block the troll's attack. x2
You closely miss the troll.
The troll is moderately wounded.
You block the troll's attack. The troll barely misses you.
The troll closely misses you.
You puncture the troll! You drain the troll!
The troll is almost dead.
The troll closely misses you. The troll claws you!
* * * LOW HITPOINT WARNING * * *
The troll barely misses you.
Unknown command.
Aiming: Bolt of Light
Press: ? - help, Shift-Dir - straight line, f - troll
Aim: a troll (almost dead, blind, lightly drained, 71% to hit)
The bolt of light hits the troll!
You kill the troll!
Okawaru is honoured by your kill.
Okawaru will now gift you ammunition as you gain piety.
The bolt of light hits the gargoyle but does no damage.
The gargoyle is blinded.
Your Invocations skill increases to level 9!
Unknown command.
You hit the gargoyle but do no damage. The gargoyle misses you.
You impale the gargoyle!!
The gargoyle is severely damaged.
The gargoyle hurls a stone arrow at you.
The stone arrow hits you!
* * * LOW HITPOINT WARNING * * *
You hit the gargoyle.
The gargoyle is almost destroyed.
The gargoyle hurls a stone arrow at you.
The stone arrow hits you!!
Ouch! That really hurt!
You die... ▓▓▓▓▓▓▓▓▓▓▓▓▓▓▓▓▓▓▓▓▓▓▓▓ '..)..[...))..).@9...... ▓▓▓▓▓▓▓▓▓▓▓▓▓▓▓▓▓▓▓▓▓▓▓▓

You could see a gargoyle (blind).

Vanquished Creatures
  A centaur warrior (D)
  A deep elf pyromancer (D)
  An unseen horror (D)
  A kobold demonologist (D)
  A troll (D)
  A yak (D)
  A wraith (D)
  An orc warrior (D)
  A phantom (D)
  2 jellies (D)
  2 orc wizards (D)
  An iguana (D)
  2 goblins (D)
  2 hobgoblins (D)
  A ball python (D)
19 creatures vanquished.

Vanquished Creatures (others)
  A tengu conjurer (D)
  A wraith (D)
2 creatures vanquished.

Grand Total: 21 creatures vanquished

Notes
Turn   | Place    | Note
-------+----------+-------------------------------------------
     0 | D        | mhtbhm the Gargoyle Fighter began the quest for the Orb.
     0 | D        | Reached XP level 1. HP: 14/14 MP: 1/1
    62 | D        | Noticed a phantom
    62 | D        | Noticed an orc wizard
    62 | D        | Noticed a jelly
    62 | D        | Noticed a jelly
    62 | D        | Noticed an iguana
    70 | D        | Killed a phantom
    71 | D        | Reached skill level 5 in Fighting
    71 | D        | Reached skill level 3 in Maces & Flails
    71 | D        | Reached skill level 5 in Armour
    71 | D        | Reached skill level 5 in Shields
    71 | D        | Reached XP level 2. HP: 14/22 MP: 2/2
    71 | D        | Reached XP level 3. HP: 17/27 MP: 3/3
    71 | D        | Reached XP level 4. HP: 20/32 MP: 4/4
   111 | D        | Reached skill level 4 in Maces & Flails
   114 | D        | Reached XP level 5. HP: 12/37 MP: 5/5
   117 | D        | Reached skill level 5 in Maces & Flails
   124 | D        | Found a snail-covered altar of Cheibriados.
   124 | D        | Found a shadowy altar of Dithmenos.
   124 | D        | Found a white marble altar of Elyvilon.
   124 | D        | Found a blossoming altar of Fedhas.
   124 | D        | Found an opulent altar of Gozag.
   125 | D        | Found a hazy altar of Hepliaklqana.
   126 | D        | Found a viscous altar of Jiyva.
   127 | D        | Found an ancient bone altar of Kikubaaqudgha.
   128 | D        | Found a corrupted altar of Lugonu.
   129 | D        | Found a burning altar of Makhleb.
   130 | D        | Found a sparkling altar of Nemelex Xobeh.
   131 | D        | Found an iron altar of Okawaru.
   132 | D        | Found a stormy altar of Qazlal.
   133 | D        | Found a sacrificial altar of Ru.
   134 | D        | Found a shimmering blue altar of Sif Muna.
   135 | D        | Found a bloodstained altar of Trog.
   136 | D        | Found a hide-covered altar of Uskayaw.
   139 | D        | Found a radiant altar of Vehumet.
   140 | D        | Found an ornate altar of the Wu Jian Council.
   141 | D        | Found a shimmering altar of Xom.
   142 | D        | Found a basalt altar of Yredelemnul.
   143 | D        | Found a glowing silver altar of Zin.
   144 | D        | Found a glowing golden altar of the Shining One.
   173 | D        | Became a worshipper of Warmaster Okawaru
   384 | D        | Noticed an orc warrior
   384 | D        | Noticed a kobold demonologist
   384 | D        | Noticed a wraith
   384 | D        | Noticed a yak
   397 | D        | Killed an orc warrior
   398 | D        | Reached skill level 1 in Dodging
   398 | D        | Reached XP level 6. HP: 22/44 MP: 5/7
   400 | D        | Killed a kobold demonologist
   401 | D        | Reached skill level 7 in Maces & Flails
   401 | D        | Reached skill level 1 in Stealth
   401 | D        | Reached XP level 7. HP: 17/50 MP: 5/10
   410 | D        | Killed an unseen horror
   411 | D        | Reached skill level 8 in Maces & Flails
   411 | D        | Reached skill level 5 in Invocations
   411 | D        | Reached XP level 8. HP: 21/56 MP: 6/12
   418 | D        | Killed a wraith
   418 | D        | Reached * piety under Okawaru
   419 | D        | Reached skill level 1 in Evocations
   425 | D        | Killed a yak
   426 | D        | Reached skill level 9 in Maces & Flails
   604 | D        | Noticed a deep elf pyromancer
   604 | D        | Noticed a tengu conjurer
   604 | D        | Noticed a wraith
   604 | D        | Noticed a centaur warrior
   604 | D        | Noticed a troll
   604 | D        | Noticed a gargoyle
   610 | D        | Killed a deep elf pyromancer
   610 | D        | Reached ** piety under Okawaru
   611 | D        | Reached skill level 10 in Fighting
   611 | D        | Reached skill level 10 in Maces & Flails
   611 | D        | Reached skill level 10 in Armour
   611 | D        | Killed a wraith
   614 | D        | Killed a tengu conjurer
   615 | D        | Reached XP level 9. HP: 41/62 MP: 14/14
   619 | D        | Killed a centaur warrior
   620 | D        | Reached skill level 11 in Maces & Flails
   626 | D        | Killed a troll
   626 | D        | Reached *** piety under Okawaru
   629 | D        | Killed from afar by a gargoyle

Illustrated notes

Levels and vault maps discovered:
D:        linesprint [early_d, line_temple, items_1, d_10, items_2, lair_1,
          lair_end, items_3, orc_1, orc_end, items_4, d_15, swamp_1, shoals_1,
          snake_1, spider_1, d_20, vaults_1, items_5, swamp_end, shoals_end,
          snake_end, spider_end, vaults_end, d_27, items_6, zot_1, zot_end,
          crypt_end, forest_end, elf_end, slime_end, tomb_end, abyss_end,
          pan_hell_end]

Skill      XL: |  1  2  3  4  5  6  7  8  9 |
---------------+----------------------------+-----
Armour         | 5 6 7 8 9 10 | 10.7
Shields        | 5 6 7 8 |  8.8
Fighting       | 5 6 7 8 9 10 | 10.7
Maces & Flails | 3 4 5 7 8 10 11 | 11.5
Dodging        | 1 2 3 |  3.7
Invocations    | 2 4 5 7 9 |  9.0
Stealth        | 1 2 3 4 |  4.8
Evocations     | 1 |  1.9

Action                   |  1- 3 |  4- 6 |  7- 9 || total
-------------------------+-------+-------+-------++-------
Melee: Flail             |    22 |    35 |       ||    57
       Morningstar       |       |    15 |    48 ||    63
Evoke: Wand              |       |     1 |     3 ||     4
  Use: Potion            |     2 |     2 |     1 ||     5
 Stab: Invisible         |       |     2 |     4 ||     6
Armor: Scale mail        |     9 |    24 |    31 ||    64
Dodge: Dodged            |     6 |    11 |    30 ||    47
Block: Buckler           |     2 |     5 |    16 ||    23

Table legend: (Time is in decaauts)
 A = Elapsed time spent in this place.
 B = Non-inter-level travel time spent in this place.
 C = Inter-level travel time spent in this place.
 D = Time resting spent in this place.
 E = Time spent auto-exploring this place.
 F = Levels seen in this place.
 G = Mean time per level.
                   A        B        C        D        E       F      G
               +--------+--------+--------+--------+--------+-----+--------+
         Total |    634 |    634 |      0 |    356 |     14 |   1 |  634.0 |
       Dungeon |    634 |    634 |      0 |    356 |     14 |   1 |  634.0 |
               +--------+--------+--------+--------+--------+-----+--------+

Top non-repeatable levels by time:
       D: 634 daAuts
